 Dungeon Crawl Stone Soup version 0.29.1-13-g9f3cf754e1 (webtiles) character file.

Game seed: 17828595983941145634

152989 GameOver the Lord of Darkness (level 17, -33/133 HPs)
             Began as a Naga Hedge Wizard on Jan 17, 2023.
             Was the Champion of Kikubaaqudgha.
             Hit by a large rock thrown by Polyphemus (37 damage)
             ... on level 3 of the Shoals on Feb 9, 2023.
             The game lasted 05:28:03 (33931 turns).

GameOver the Lord of Darkness (Naga Hedge Wizard)  Turns: 33931, Time: 05:28:03

Health: -33/133    AC: 14    Str: 18    XL:     17   Next: 59%
Magic:  23/42      EV: 10    Int: 21    God:    Kikubaaqudgha [******]
Gold:   2051       SH:  0    Dex: 13    Spells: 1/40 levels left

rFire   . . .      SeeInvis +   w - +4 lajatang (flame)
rCold   . . .      Faith    .   (shield currently unavailable)
rNeg    . . .      Spirit   .   Q - +2 robe {Archmagi}
rPois   +          Reflect  .   c - +2 helmet
rElec   .          Harm     .   K - +0 cloak
rCorr   .          Rampage  .   q - +0 pair of gloves
Will    ++...      Archmagi +   (no barding)
Stlth   ++++++....              y - amulet of regeneration
HPRegen 1.92/turn               P - ring of magical power
MPRegen 0.28/turn               r - ring of Yqeyl Dakk {Wiz Str+4 Dex+2 Stlth+}

@: mighty, short of breath, hasted, invisible, very slow
A: AC +5, large, see invisible, deformed body, poison resistance, slowness 2,
spit poison 1, naga tail 2, sense surroundings 1, regeneration 1, screaming 1,
wild magic 1, evolution 1
a: Spit Poison, Renounce Religion, Unearth Wretches, Torment


You were on level 3 of the Shoals.
You worshipped Kikubaaqudgha.
Kikubaaqudgha was exalted by your worship.
You visited 6 branches of the dungeon, and saw 29 of its levels.
You also visited: Volcano.

You collected 2406 gold pieces.
You spent 355 gold pieces at shops.

Inventory:

Hand Weapons
 w - a +4 lajatang of flaming (weapon)
 W - the +7 spear of Eternity {elec, rC+ Int+2 Dex+3}
   (You found it on level 3 of the Dungeon)

   It occasionally discharges a powerful burst of electricity upon striking a
   foe.
   Int:       It affects your intelligence (+2).
   Dex:       It affects your dexterity (+3).
   rC:        It protects you from cold.
Missiles
 g - a throwing net
 l - 10 stones (quivered)
Armour
 c - a +2 helmet (worn)
 q - a +0 pair of gloves (worn)
 K - a +0 cloak (worn)
 Q - a +2 robe of the Archmagi (worn)
Magical Staves
 e - a staff of air
Jewellery
 r - the ring of Yqeyl Dakk (right hand) {Wiz Str+4 Dex+2 Stlth+}
   (You found it on level 2 of the Lair of Beasts)

   [ring of wizardry]

   It improves your spell success rate.
   Str:       It affects your strength (+4).
   Dex:       It affects your dexterity (+2).
   Stlth:     It makes you more stealthy.
 y - an amulet of regeneration (around neck)
 C - a ring of flight
 P - a ring of magical power (left hand)
Wands
 h - a wand of digging (11)
 H - a wand of polymorph (19)
 I - a wand of iceblast (25)
 O - a wand of mindburst (9)
 T - a wand of paralysis (25)
 V - a wand of flame (8)
 Z - a wand of light (11)
Scrolls
 f - a scroll of fear
 j - 7 scrolls of poison
 o - 3 scrolls of fog
 v - 2 scrolls of silence
 x - 2 scrolls of noise
 D - 14 scrolls of teleportation
 G - a scroll of summoning
 J - 4 scrolls of vulnerability
 L - 2 scrolls of magic mapping
 M - a scroll of torment
 X - 3 scrolls of blinking
Potions
 a - 3 potions of berserk rage
 b - 4 potions of lignification
 d - 2 potions of magic
 i - 2 potions of haste
 k - 3 potions of attraction
 m - 7 potions of flight
 n - 4 potions of brilliance
 p - a potion of cancellation
 s - 2 potions of might
 t - 2 potions of mutation
 z - 2 potions of ambrosia
 A - 8 potions of curing
 B - 3 potions of invisibility
 F - 8 potions of heal wounds
 N - 4 potions of resistance


   Skills:
 - Level 4.0 Fighting
 - Level 10.0(10.9) Polearms
 * Level 7.1(9.6) Staves
 + Level 4.0 Armour
 - Level 3.0 Dodging
 * Level 13.3 Stealth
 - Level 3.0 Shields
 + Level 12.3 Spellcasting
 - Level 12.0 Conjurations
 - Level 1.0 Summonings
 - Level 15.0 Necromancy
 - Level 7.0 Translocations
 - Level 6.0 Ice Magic
 - Level 9.0 Air Magic
 - Level 9.0 Poison Magic


You had one spell level left.
You knew the following spells:

 Your Spells              Type           Power      Damage    Failure   Level
b - Blink                 Tloc           100%       N/A       1%          2
c - Dispel Undead         Necr           99%        3d31      1%          4
d - Mephitic Cloud        Conj/Pois/Air  82%        N/A       1%          3
e - Animate Dead          Necr           99%        N/A       1%          4
f - Freezing Cloud        Conj/Ice/Air   39%        6-21      2%          5
x - Manifold Assault      Tloc           70%        N/A       5%          5
z - Lesser Beckoning      Tloc           70%        N/A       1%          3
A - Vampiric Draining     Necr           99%        2d13      1%          3
C - Teleport Other        Tloc           70%        N/A       1%          3
E - Death Channel         Necr           49%        N/A       1%          6
Z - Apportation           Tloc           100%       N/A       1%          1

Your spell library contained the following spells:

 Spells                   Type           Power      Damage    Failure   Level
 Magic Dart               Conj           100%       1d8       1%          1
 Necrotise                Necr           100%       1d9       1%          1
 Shock                    Conj/Air       100%       1d9       1%          1
 Sting                    Tmut/Pois      100%       1d8       1%          1
 Summon Small Mammal      Summ           100%       N/A       2%          1
 Slow                     Hex            100%       N/A       3%          1
 Static Discharge         Conj/Air       84%        3-14/arc  1%          2
 Sublimation of Blood     Necr           99%        N/A       1%          2
 Conjure Flame            Conj/Fire      65%        6-21      1%          3
 Frozen Ramparts          Ice            100%       1d16      1%          3
 Gell's Gravitas          Tloc           70%        N/A       1%          3
 Swiftness                Air            78%        N/A       1%          3
 Airstrike                Air            39%        2d(6-22)  1%          4
 Corpse Rot               Necr/Pois/Air  86%        N/A       1%          4
 Iskenderun's Mystic Bla  Conj/Tloc      80%        2d16      1%          4
 Agony                    Necr           99%        N/A       1%          5
 Passage of Golubria      Tloc           70%        N/A       2%          4
 Sticky Flame             Conj/Fire      65%        2d8       2%          4
 Call Imp                 Summ           33%        N/A       3%          2
 Ignite Poison            Fire/Tmut/Pois 49%        N/A       3%          3
 Borgnjor's Vile Clutch   Necr/Erth      36%        N/A       4%          5
 Conjure Ball Lightning   Conj/Air       42%        3x3d15    6%          6
 Summon Ice Beast         Ice/Summ       52%        N/A       7%          4
 Confusing Touch          Hex            25%        N/A       9%          3
 Tukima's Dance           Hex            25%        N/A       9%          3
 Ice Form                 Ice/Tmut       49%        N/A       9%          4
 Dispersal                Tloc           35%        N/A       22%         6
 Petrify                  Tmut/Erth      25%        N/A       26%         4
 Borgnjor's Revivificati  Necr           49%        N/A       32%         8
 Infestation              Necr           49%        N/A       32%         8
 Yara's Violent Unravell  Hex/Tmut       12%        3d7       54%         5
 Haunt                    Necr/Summ      37%        N/A       58%         7
 Necromutation            Tmut/Necr      36%        N/A       99%         8
 Death's Door             Necr           49%        N/A       99%         9
 Enfeeble                 Hex            12%        N/A       100%        7
 Chain Lightning          Conj/Air       42%        3d56      100%        9


Dungeon Overview and Level Annotations

Branches:
Dungeon (15/15)            Temple (1/1) D:5            Lair (5/5) D:11
 Shoals (3/4) Lair:2        Snake (3/4) Lair:3        Slime (0/5) Lair:4
    Orc (2/2) D:11            Elf (0/3) Orc:2        Vaults (0/5) D:14
 Depths (0/4) D:15        Volcano (visited)

Altars:
Ashenzari
Cheibriados
Dithmenos
Elyvilon
Fedhas
Gozag
Hepliaklqana
Kikubaaqudgha
Makhleb
Nemelex Xobeh
Okawaru
Qazlal
Ru
Sif Muna
Trog
Uskayaw
Vehumet
Wu Jian
Xom
Yredelemnul
Zin
The Shining One
Lugonu

Shops:
D:11 [   Orc:1 !![   Orc:2 ![(*   Snake:2 =

Portals:
Abyss: Shoals:1

Annotations:
Shoals:1 1 runed translucent door, Roxanne
Shoals:3 Polyphemus


Innate Abilities, Weirdness & Mutations

Your serpentine skin is tough. (AC +5)
You have supernaturally acute eyesight. (SInv)
Armour fits poorly on your strangely shaped body.
Your system is resistant to poisons. (rPois)
You cover ground very slowly.
You can spit poison.
You can use your snake-like lower body to constrict enemies.
You passively map a small area around you.
Your natural rate of healing is unusually fast.
You occasionally shout uncontrollably at your foes.
Your spells are a little harder to cast, but a little more powerful.
You have hidden genetic potential.


Message History

* * * LOW HITPOINT WARNING * * *
Polyphemus hits you!
* * * LOW HITPOINT WARNING * * *
Unknown command.
Casting: Vampiric Draining (safe; 1% risk of failure)
Confirm with . or Enter, or press ? or * to list all spells.
You feel a surge of power!
You blink.
You lose your grip on the merfolk siren.
Splash!
You fall into the shallow water.
Moving in this stuff is going to be slow.
The merfolk siren chants a haunting song.
You resist with some effort.
You fade into invisibility!
Casting: Blink (safe; 1% risk of failure)
Confirm with . or Enter, or press ? or * to list all spells.
Aiming: Freezing Cloud (mildly dangerous; 2% risk of failure)
Press: ? - help, Dir - move target, f - merfolk siren, p - Polyphemus
Aim: a merfolk siren, wielding a +0 spear (severely wounded)
You feel a surge of power!
The merfolk siren is engulfed in freezing vapours.
Unknown command.
Unknown command.
You feel much better.
The merfolk siren is engulfed in freezing vapours.
You kill the merfolk siren!
Kikubaaqudgha accepts your kill.
Aiming: Spit Poison (1% risk of failure)
Press: ? - help, Shift-Dir - straight line, f - Polyphemus
Aim: Polyphemus, quivering large rocks (freezing vapour, severely wounded, 97% to hit)
The splash of poison hits Polyphemus.
Polyphemus is poisoned.
Polyphemus is severely wounded.
Polyphemus is engulfed in freezing vapours.
Polyphemus throws a large rock.
The large rock hits you!!
* * * LOW HITPOINT WARNING * * *
Unknown command.
Polyphemus is engulfed in freezing vapours.
Polyphemus throws a large rock.
The large rock hits you!!!
You die...
Kikubaaqudgha rasps: "You have failed me!
Welcome... death!"

~~~~~~~
~~~~~~.######~~P~~~~..
~~~~~~~
~~~~~~..##.§<§<~P~~...
~
~~~~~.~....C§§~~P~....
~
~~~~~~~~~~~§§§~~~~..##
~
~~~~~~~~~~~≈≈≈~~~~~.#
~~
≈≈~~~~≈~~~≈~≈≈~.~~~.#*
≈≈~~≈≈≈~~~~~~≈..~~~~..
~ ~
≈~~~~≈≈≈~~~~≈~....~...
~ ~
~~~~~~~@~~~~~..###....
~..~~~..~≈≈~..## * ~
~~~~~###.~~.###*
~~~~~,*#....#* , , ~
~≈~~ ~,....... , , ~
≈≈~~~ ....~~~. , ~~
~~~~~~~~ ~ ~ ~~~~~~~ ~
~


You could see Polyphemus (poisoned).

Vanquished Creatures
  A nagaraja (Snake:3)
  Aizul (Shoals:1)
  The ghost of SonOfSpiff the Severer, a journeyman HOMo of Beogh (Lair:5)
  4 orc warlords
  Azrael (D:13)
  A red draconian (Volcano)
  A quicksilver dragon zombie (D:15)
  Erolcha (D:13)
  Erica (D:9)
  A catoblepas (Lair:3)
  4 anacondas
  2 boulder beetles
  An ogre mage (Volcano)
  2 salamander tyrants (Snake:3)
  7 hydras
  A vault guard (D:14)
  5 centaur warriors
  An alligator snapping turtle (Shoals:2)
  A satyr (Shoals:1)
  11 two-headed ogres
  5 death yaks
  9 naga sharpshooters
  Sonja (Lair:5)
  5 orc high priests (Orc:2)
  6 shock serpents
  A fire crab (shapeshifter) (D:14)
  A fire crab (Lair:5)
  2 salamander mystics (Snake:3)
  A spark wasp zombie (D:15)
  A skeletal warrior (D:15)
  6 sea snakes
  A naga ritualist (Snake:1)
  A phantasmal warrior (D:15)
  A wizard (D:14)
  6 orc knights
  2 wolf spiders
  4 mana vipers
  A deep elf pyromancer (D:12)
  A harpy (Lair:5)
  Pikel (D:6)
  A necromancer (D:15)
  6 orc sorcerers
  8 cyclopes
  4 ugly things (D:14)
  A frost giant zombie (D:15)
  19 manticores
  4 fauns
  8 salamanders
  5 merfolk sirens
  16 elephants
  Maurice (D:13)
  2 moths of wrath (Lair:5)
  An apocalypse crab (Shoals:1)
  16 black mambas
  3 water nymphs (Shoals:2)
  Joseph (D:9)
  A gargoyle (D:11)
  9 naga magi
  2 torpor snails
  7 cane toads
  A spriggan zombie (D:15)
  3 unseen horrors
  A freezing wraith (D:14)
  A tengu conjurer (D:14)
  6 komodo dragons
  A kobold demonologist (D:11)
  2 rime drakes
  An efreet (D:14)
  A guardian mummy (D:15)
  14 merfolk
  8 trolls
  2 wind drakes (Lair:5)
  A polar bear (Lair:3)
  A tarantella (shapeshifter) (D:14)
  Prince Ribbit (D:8)
  19 slime creatures
  5 snapping turtles
  3 dream sheep
  11 blink frogs
  5 hornets
  Sigmund (D:3)
  A wraith (D:11)
  66 yaks
  3 basilisks (Lair:2)
  5 water elementals
  4 wyverns
  3 fire elementals (D:13)
  A steam dragon (D:6)
  Edmund (D:5)
  6 vampire mosquitoes
  5 wargs
  23 nagas
  7 water moccasins
  4 hell hounds (D:13)
  3 acid dragons
  2 floating eyes (Orc:1)
  2 ice beasts (D:7)
  48 orc warriors
  A blink frog zombie (Lair:2)
  A sky beast (D:7)
  11 ogres
  3 boggarts (D:15)
  The ghost of vvl the Gusty, an amateur DrAE of Ignis (D:3)
  3 wolves
  A centaur (D:13)
  2 kobold brigands (D:8)
  A rime drake zombie (Lair:2)
  9 bullfrogs
  3 necrophages
  A scorpion (D:6)
  A gnoll sergeant (D:9)
  4 wights (D:7)
  7 killer bees
  An electric eel (Orc:1)
  9 howler monkeys
  A centaur zombie (D:5)
  3 jellies
  A bullfrog skeleton (D:5)
  30 orc priests
  Crazy Yiuf (D:3)
  2 hounds (D:5)
  Terence (D:3)
  5 hell rats (Lair:4)
  2 iguanas (D:5)
  Natasha (thrice) (D:3)
  21 orc wizards
  A killer bee zombie (D:5)
  A hound skeleton (D:5)
  5 adders
  9 gnolls
  2 white imps (D:6)
  An ufetubus (D:5)
  9 orc zombies
  2 worms
  3 dart slugs
  114 orcs
  2 ball pythons
  8 endoplasms
  4 giant cockroaches
  15 goblins
  6 hobgoblins
  5 jackals
  16 kobolds
  2 bats (D:1)
  4 frilled lizards
  5 rats
834 creatures vanquished.

Vanquished Creatures (collateral kills)
  2 hydras (Lair:5)
  A merfolk avatar (Lair:5)
  2 death yaks (Lair:2)
  A fire crab (Lair:5)
  A sea snake (Lair:5)
  An elephant (Lair:5)
  A cane toad (Lair:4)
  A komodo dragon (Lair:5)
  A wind drake (Lair:5)
  2 trolls (Orc:1)
  3 blink frogs
  11 yaks
  A basilisk (Lair:5)
  A steam dragon (Lair:5)
  2 water moccasins (Lair:5)
  3 orc warriors (Orc:1)
  3 wolves (Lair:5)
  An orc wizard (Orc:2)
  A hell rat (Lair:4)
  9 orcs
48 creatures vanquished.

Vanquished Creatures (others)
  A wizard (D:8)
  A komodo dragon (Lair:2)
  A rime drake (Lair:2)
  A two-headed ogre zombie (Orc:2)
  A water moccasin (Lair:2)
  2 orc warriors (Orc:1)
  A blink frog zombie (Lair:2)
  A water moccasin zombie (Lair:2)
  2 yak zombies (Lair:5)
  A bullfrog zombie (Lair:5)
  An ogre zombie (Orc:2)
  2 hell rat zombies (Lair:4)
  12 orc zombies
  32 fungi
  68 plants
  8 withered plants (D:15)
135 creatures vanquished.

Grand Total: 1017 creatures vanquished

Notes
Turn   | Place    | Note
-------+----------+-------------------------------------------
     0 | D:1      | GameOver the Naga Hedge Wizard began the quest for the Orb.
     0 | D:1      | Reached XP level 1. HP: 15/15 MP: 4/4
   408 | D:1      | Reached XP level 2. HP: 22/22 MP: 0/6
  1276 | D:2      | Reached XP level 3. HP: 28/28 MP: 7/7
  1860 | D:2      | Learned a level 2 spell: Blink
  1864 | D:2      | Learned a level 3 spell: Mephitic Cloud
  2173 | D:3      | Identified the +7 spear of Eternity {elec, rC+ Int+2 Dex+3}
  2196 | D:3      | Noticed Terence
  2221 | D:3      | Noticed Sigmund
  2262 | D:3      | Noticed Natasha
  2269 | D:3      | Killed Natasha
  2270 | D:3      | Reached skill level 1 in Poison Magic
  2270 | D:3      | Reached XP level 4. HP: 36/36 MP: 1/8
  2340 | D:3      | Found a faded altar of an unknown god.
  2386 | D:3      | Noticed vvl's ghost (amateur DrAE)
  2401 | D:3      | Found a runed translucent door.
  2500 | D:3      | Killed Terence
  2501 | D:3      | Reached XP level 5. HP: 42/42 MP: 2/9
  2674 | D:3      | Noticed Natasha
  2683 | D:3      | Killed Natasha
  2684 | D:3      | Reached skill level 1 in Polearms
  2709 | D:3      | Noticed Natasha
  2725 | D:3      | Killed Natasha
  2941 | D:3      | Reached XP level 6. HP: 38/49 MP: 0/10
  3077 | D:3      | Killed Sigmund
  3177 | D:3      | Found a runed translucent door.
  3178 | D:3      | Noticed Crazy Yiuf
  3189 | D:3      | Killed Crazy Yiuf
  3274 | D:3      | Found a broken altar of Ashenzari.
  3373 | D:4      | Reached XP level 7. HP: 55/55 MP: 8/11
  3517 | D:4      | Reached skill level 5 in Conjurations
  3524 | D:4      | Reached skill level 5 in Poison Magic
  4049 | D:5      | Entered Level 5 of the Dungeon
  4155 | D:5      | Found a shadowy altar of Dithmenos.
  4244 | D:5      | Reached XP level 8. HP: 56/62 MP: 7/12
  4284 | D:5      | Found a staircase to the Ecumenical Temple.
  4306 | Temple   | Entered the Ecumenical Temple
  4578 | Temple   | Became a worshipper of Kikubaaqudgha
  4811 | D:5      | Noticed Edmund
  4835 | D:5      | Reached skill level 5 in Stealth
  4843 | D:5      | Killed Edmund
  4918 | D:5      | Found a snail-covered altar of Cheibriados.
  5202 | D:5      | Got Cerebov's Papyrus of Hurting
  5975 | D:6      | Found a glowing silver altar of Zin.
  6008 | D:6      | Noticed Pikel
  6022 | D:6      | Killed Pikel
  6023 | D:6      | Reached skill level 5 in Polearms
  6023 | D:6      | Reached XP level 9. HP: 57/68 MP: 7/14
  6437 | D:3      | Killed vvl's ghost
  6614 | D:7      | You fall into a shaft and drop 2 floors!
  6704 | D:7      | Learned a level 3 spell: Teleport Other
  7810 | D:8      | Noticed Prince Ribbit
  7813 | D:8      | Reached * piety under Kikubaaqudgha
  7813 | D:8      | Received a gift from Kikubaaqudgha
  7830 | D:8      | Killed Prince Ribbit
  7831 | D:8      | Reached skill level 10 in Stealth
  7995 | D:8      | Found a bloodstained altar of Trog.
  7996 | D:8      | Noticed a wizard
  8001 | D:8      | Killed a wizard
  8067 | D:8      | Reached XP level 10. HP: 67/75 MP: 17/17
  8337 | D:8      | Found a shimmering altar of Xom.
  8418 | D:9      | Noticed Joseph
  8434 | D:9      | Killed Joseph
  8435 | D:9      | Reached skill level 5 in Spellcasting
  8435 | D:9      | Reached skill level 5 in Translocations
  8621 | D:9      | Learned a level 4 spell: Iskenderun's Mystic Blast
  8640 | D:9      | Found a shimmering blue altar of Sif Muna.
  8664 | D:9      | Reached ** piety under Kikubaaqudgha
  8934 | D:9      | Noticed a +0 spear
  8934 | D:9      | Noticed a +0 short sword
  8934 | D:9      | Noticed a +0 dagger
  8935 | D:9      | Noticed a +0 spear
  8935 | D:9      | Noticed a +0 falchion
  8936 | D:9      | Noticed a +0 falchion
  8936 | D:9      | Noticed a +0 short sword
  8937 | D:9      | Noticed a +0 dagger
  9243 | D:9      | Noticed Erica
  9265 | D:9      | Killed Erica
  9542 | D:9      | Found a hide-covered altar of Uskayaw.
  9621 | D:10     | Entered Level 10 of the Dungeon
  9650 | D:9      | Reached skill level 1 in Shields
  9650 | D:9      | Reached XP level 11. HP: 70/81 MP: 18/19
 10177 | D:10     | Found a glowing golden altar of the Shining One.
 10214 | D:10     | Reached *** piety under Kikubaaqudgha
 10214 | D:10     | Received a gift from Kikubaaqudgha
 10243 | D:10     | Reached skill level 1 in Necromancy
 10518 | D:11     | Noticed a cyclops
 10534 | D:11     | Killed a cyclops
 10554 | D:11     | Got the Papyrus of Amorphous Conjuration
 10577 | D:11     | Found a staircase to the Lair.
 10643 | D:11     | Found a staircase to the Orcish Mines.
 10682 | D:11     | Reached skill level 2 in Necromancy
 10741 | D:11     | Reached skill level 10 in Polearms
 10850 | D:11     | Learned a level 4 spell: Dispel Undead
 10922 | D:11     | Reached skill level 3 in Necromancy
 10943 | D:11     | Found Ebomus's Armour Boutique.
 10954 | D:11     | Noticed a manticore
 11033 | D:11     | Noticed a two-headed ogre
 11062 | D:11     | Killed a two-headed ogre
 11167 | D:11     | Reached skill level 4 in Necromancy
 11582 | D:11     | Killed a manticore
 11718 | Orc:1    | Entered Level 1 of the Orcish Mines
 11718 | Orc:1    | Noticed an orc warlord
 11718 | Orc:1    | Noticed an orc knight
 11748 | Lair:1   | Entered Level 1 of the Lair of Beasts
 11756 | Lair:1   | Learned a level 4 spell: Animate Dead
 11870 | Lair:1   | Reached XP level 12. HP: 88/88 MP: 22/22
 11989 | Lair:1   | Reached skill level 5 in Necromancy
 12711 | Lair:2   | Reached skill level 6 in Necromancy
 12721 | Lair:2   | Learned a level 3 spell: Vampiric Draining
 13006 | Lair:2   | Found a staircase to the Shoals.
 13103 | Lair:2   | Reached **** piety under Kikubaaqudgha
 13107 | Lair:2   | Reached skill level 7 in Necromancy
 13175 | Lair:2   | Identified the ring of Yqeyl Dakk {Wiz Str+4 Dex+2 Stlth+}
 13309 | Lair:2   | Reached skill level 8 in Necromancy
 13524 | Lair:2   | Noticed a death yak
 13524 | Lair:2   | Noticed a death yak
 13524 | Lair:2   | Noticed a death yak
 13524 | Lair:2   | Noticed a death yak
 13532 | Lair:2   | Noticed a death yak
 13538 | Lair:2   | Noticed a death yak
 13540 | Lair:2   | Killed a death yak
 13541 | Lair:2   | Reached skill level 1 in Air Magic
 13542 | Lair:2   | Killed a death yak
 13548 | Lair:2   | Killed a death yak
 13551 | Lair:2   | Reached skill level 9 in Necromancy
 13551 | Lair:2   | Gained mutation: You can use your snake-like lower body to
                  | constrict enemies. [Naga growth]
 13551 | Lair:2   | Reached XP level 13. HP: 80/94 MP: 18/25
 13972 | Lair:3   | Reached skill level 10 in Necromancy
 14205 | Lair:3   | Found a dark tunnel.
 14218 | Volcano  | Entered a volcano
 14279 | Volcano  | Noticed a red draconian
 14288 | Volcano  | Reached skill level 11 in Necromancy
 14295 | Volcano  | Killed a red draconian
 15314 | Lair:3   | Reached skill level 1 in Ice Magic
 15344 | Lair:3   | Found a staircase to the Snake Pit.
 15355 | Lair:3   | Reached skill level 10 in Spellcasting
 16002 | Lair:4   | Reached ***** piety under Kikubaaqudgha
 16351 | Lair:4   | You fall into a shaft and drop 1 floor!
 16351 | Lair:5   | Entered Level 5 of the Lair of Beasts
 16370 | Lair:5   | Reached skill level 12 in Necromancy
 16424 | Lair:5   | Identified the +8 shortbow "Reycvuca" {venom, Int+7}
 16511 | Lair:5   | Reached XP level 14. HP: 92/102 MP: 28/28
 16708 | Lair:5   | Reached skill level 5 in Air Magic
 16851 | Lair:5   | Found a transporter.
 17286 | Lair:4   | Found a staircase to the Slime Pits.
 17628 | Lair:4   | Learned a level 5 spell: Freezing Cloud
 17891 | Orc:1    | Killed an orc warlord
 18129 | Orc:1    | Noticed an orc warlord
 18133 | Orc:1    | Reached skill level 5 in Ice Magic
 18140 | Orc:1    | Found Iladgh's Distillery.
 18156 | Orc:1    | Noticed an orc warlord
 18161 | Orc:1    | Found a radiant altar of Vehumet.
 18472 | Orc:1    | Found Vauptuto's Distillery.
 18490 | Orc:1    | Bought a potion of resistance for 100 gold pieces
 18490 | Orc:1    | Bought a potion of flight for 30 gold pieces
 18490 | Orc:1    | Bought a potion of brilliance for 40 gold pieces
 18522 | Orc:1    | Found Ozeroisk's Armour Boutique.
 18655 | Orc:1    | Killed an orc warlord
 19119 | Orc:1    | Paralysed by a floating eye for 4 turns
 19143 | Orc:1    | Bought a potion of cancellation for 88 gold pieces
 19410 | Orc:1    | Killed an orc warlord
 19720 | Lair:5   | Noticed Sonja
 19835 | Lair:5   | Killed Sonja
 20120 | Lair:5   | Noticed SonOfSpiff's ghost (journeyman HOMo)
 20357 | Lair:5   | Found a transporter.
 20686 | D:12     | Learned a level 1 spell: Apportation
 20769 | D:12     | Identified the +6 leather armour of the Eight Boll Weevils
                  | {*Slow rF+ Will- Str+5}
 20818 | D:12     | Reached XP level 15. HP: 107/108 MP: 29/29
 20861 | D:12     | Reached ****** piety under Kikubaaqudgha
 21455 | D:13     | Reached skill level 10 in Conjurations
 21474 | D:13     | Found a sacrificial altar of Ru.
 21537 | D:13     | Noticed Maurice
 21600 | D:13     | Killed Maurice
 21867 | D:13     | Noticed Azrael
 21877 | D:13     | Killed Azrael
 22187 | D:13     | Noticed Erolcha
 22198 | D:13     | Killed Erolcha
 22278 | D:13     | Upgraded the game from 0.29.1-12-g30fa7ad0bf to
                  | 0.29.1-13-g9f3cf754e1
 22447 | Temple   | Received a gift from Kikubaaqudgha
 22599 | Orc:2    | Entered Level 2 of the Orcish Mines
 23655 | Orc:2    | Found Wemypn's Armour Emporium.
 23666 | Orc:2    | Found Yruanyer's Distillery.
 23687 | Orc:2    | Bought a potion of attraction for 51 gold pieces
 23902 | Orc:2    | Reached skill level 1 in Fighting
 23942 | Orc:2    | Found a staircase to the Elven Halls.
 24302 | Orc:2    | Found Ifieraki's Antique Weapon Boutique.
 24505 | Orc:2    | Noticed an orc warlord
 24521 | Orc:2    | Killed an orc warlord
 24586 | Orc:2    | Found Moarelask's Assorted Antiques.
 24594 | Orc:2    | Bought a scroll of identify for 46 gold pieces
 25070 | Lair:3   | Learned a level 6 spell: Death Channel
 25414 | D:14     | Found a gate to the Vaults.
 25464 | D:14     | Reached XP level 16. HP: 124/124 MP: 31/31
 25904 | D:14     | Found a white marble altar of Elyvilon.
 26160 | D:15     | Entered Level 15 of the Dungeon
 26977 | D:15     | Found a staircase to the Depths.
 27140 | D:15     | Found a broken altar of Ashenzari.
 27379 | D:15     | Reached skill level 13 in Necromancy
 27944 | Lair:5   | Killed SonOfSpiff's ghost
 28235 | Lair:5   | Identified the +0 pair of boots "Neoboec" {rC++ Str+4 Int+4
                  | Dex-2}
 28326 | Snake:1  | Entered Level 1 of the Snake Pit
 28494 | Snake:1  | Found a radiant altar of Vehumet.
 28573 | Snake:1  | Reached skill level 14 in Necromancy
 28677 | Snake:1  | Learned a level 3 spell: Lesser Beckoning
 29004 | Snake:1  | Reached skill level 1 in Staves
 29028 | Snake:1  | Reached skill level 1 in Armour
 29310 | Snake:2  | Found Qoevautu's Jewellery Boutique.
 30382 | Snake:3  | Noticed a nagaraja
 30612 | Snake:3  | Reached XP level 17. HP: 133/133 MP: 33/33
 30964 | Snake:3  | Reached skill level 15 in Necromancy
 31056 | Snake:3  | Reached skill level 5 in Staves
 31702 | Lair:3   | Gained mutation: You occasionally lose the ability to read
                  | scrolls when taking damage. [potion of mutation]
 31702 | Lair:3   | Gained mutation: Your spells are a little harder to cast,
                  | but a little more powerful. [potion of mutation]
 31702 | Lair:3   | Gained mutation: You expend magic power (3 MP) to
                  | strengthen your wands. [potion of mutation]
 31703 | Lair:3   | Lost mutation: You occasionally lose the ability to read
                  | scrolls when taking damage. [potion of mutation]
 31703 | Lair:3   | Lost mutation: You expend magic power (3 MP) to strengthen
                  | your wands. [potion of mutation]
 31703 | Lair:3   | Gained mutation: Your natural rate of healing is unusually
                  | fast. [potion of mutation]
 31703 | Lair:3   | Gained mutation: You have hidden genetic potential. [potion
                  | of mutation]
 31703 | Lair:3   | Gained mutation: You occasionally shout uncontrollably at
                  | your foes. [potion of mutation]
 31703 | Lair:3   | Gained mutation: You passively map a small area around you.
                  | [potion of mutation]
 31710 | Lair:3   | Learned a level 5 spell: Manifold Assault
 31744 | Shoals:1 | Entered Level 1 of the Shoals
 32094 | Shoals:1 | Found a runed translucent door.
 32268 | Shoals:1 | Identified the +1 pair of boots of Disguise {Rampage rElec
                  | Regen+ Dex-3}
 32324 | Shoals:1 | Noticed Aizul
 32401 | Shoals:1 | Killed Aizul
 32543 | Shoals:1 | Noticed Roxanne
 32709 | Shoals:1 | Found a corrupted altar of Lugonu.
 32709 | Shoals:1 | Found a one-way gate to the infinite horrors of the Abyss.
 33851 | Shoals:3 | Noticed Polyphemus
 33924 | Shoals:3 | HP: 2/133 [Polyphemus (9)]
 33930 | Shoals:3 | HP: 1/133 [Polyphemus/large rock (28)]
 33931 | Shoals:3 | Hit by a large rock thrown by Polyphemus

Illustrated notes

Levels and vault maps discovered:
D:1:      noname_arrival_rooms_in_the_neighbourhood, layout_loops_ring
D:2:      minmay_razor_zed, layout_basic, st_stairs_13
D:3:      layout_rooms, lemuel_doored_altar,
          shapermc_ecumenical_altar_notcrosses, hellmonk_ghost_happy_afterlife,
          small_statue_intersection, uniq_crazy_yiuf_cottage, uniq_natasha,
          uniq_sigmund, uniq_terence
D:4:      layout_rooms, minmay_ogre_servants
D:5:      layout_basic, nicolae_overflow_crystal_walls,
          mainiacjoe_overflow_paths, minmay_temple_entry_proselytizer,
          serial_undead, serial_undead_d, serial_undead_c, serial_undead_c,
          serial_undead_f, st_stairs_11, hangedman_decor_growths,
          chequers_decorated_corner, uniq_edmund
D:6:      layout_gridville, mainiacjoe_overflow_alcove_4,
          chequers_serial_rivers_room_b, uniq_pikel
D:7:      layout_basic, serial_rivers, chequers_serial_rivers_large_a,
          chequers_serial_rivers_small_b, chequers_serial_rivers_micro_e,
          chequers_serial_rivers_small_b, chequers_serial_rivers_marsh
D:8:      layout_loops_ring, nicolae_overflow_hidden_temple, trog_wizard,
          uniq_prince_ribbit1
D:9:      layout_roguey, nicolae_uskayaw_en_pointe,
          mainiacjoe_overflow_concentric_impassable, uniq_erica, uniq_joseph
D:10:     layout_cave_pools, nicolae_tso_carved_into_rock,
          minmay_misc_feat_square
D:11:     layout_irregular_city, lair_entry_dummy, orc_0_dummy, serial_shops,
          nicolae_inconvenience_store, bh_walls_and_bars
D:12:     layout_irregular_city, serial_column_ruins, column_ruins_open_medium,
          column_ruins_open_small, column_ruins_corridor_corner,
          column_ruins_open_tiny, column_ruins_grid_1, hangedman_decor_points
D:13:     layout_cave_pools, nicolae_ru_great_annihilating_truth, uniq_erolcha,
          uniq_azrael, uniq_maurice
D:14:     layout_roguey, david_vaults_5, nicolae_elyvilon_peaceful_grove
D:15:     gammafunk_depths_entry_grave, layout_loops_corners,
          ashenzari_conservatory_becter
Temple:   compressed_dpeg_triangle_lava_temple
Lair:1:   layout_loops_ring
Lair:2:   layout_chaotic_city, elwin_shoals_entry_rocks
Lair:3:   layout_regular_city, minmay_snake_entry_guardpost_small,
          nicolae_volcano_entry_hallway, beast_lair_carwin_2, grunt_megastairs_5
Lair:4:   layout_roguey, dpeg_slime_entry_corner
Lair:5:   gammafunk_lair_ancient_temple, layout_regular_city,
          gammafunk_ghost_berserking_beasts, uniq_sonja
Shoals:1: layout_shoals, nicolae_shoals_abyss_on_the_beach, uniq_roxanne,
          uniq_aizul
Shoals:2: layout_shoals
Shoals:3: layout_shoals, uniq_polyphemus
Snake:1:  layout_onion_interference, basic_altar, serial_bayou_shore_b
Snake:2:  layout_honeycomb, serial_shops, nicolae_square_shop
Snake:3:  layout_onion_interference, grunt_ministairs_7
Orc:1:    hellmonk_paralyzer, layout_caves, serial_shops,
          nicolae_lakefront_shop, shop, shop, basic_altar,
          nicolae_orc_flooded_monolith
Orc:2:    pubby_orc_utopia, serial_shops

Skill      XL: |  1  2  3  4  5  6  7  8  9 10 11 12 13 14 15 16 17 |
---------------+----------------------------------------------------+-----
Conjurations   | 2 3 4 5 6 9 12 | 12.0
Poison Magic   | 1 2 3 4 5 6 7 9 |  9.0
Polearms       | 1 2 3 5 6 8 10 | 10.0
Translocations | 2 3 4 6 7 |  7.0
Stealth        | 7 10 12 13 | 13.3
Spellcasting   | 4 5 7 8 10 11 12 | 12.3
Shields        | 1 3 |  3.0
Necromancy     | 4 9 12 14 15 | 15.0
Air Magic      | 2 4 8 9 |  9.0
Ice Magic      | 2 6 |  6.0
Fighting       | 3 4 |  4.0
Dodging        | 3 |  3.0
Staves         | 3 7 |  7.1
Armour         | 2 4 |  4.0
Summonings     | |  1.0

Action                   |  1- 3 |  4- 6 |  7- 9 | 10-12 | 13-15 | 16-18 || total
-------------------------+-------+-------+-------+-------+-------+-------++-------
Melee: Dagger            |     9 |       |       |       |       |       ||     9
       Spear             |     2 |    26 |   167 |   448 |   905 |   323 ||  1871
       Short sword       |     1 |       |       |       |       |       ||     1
       Punch             |       |       |     1 |     1 |       |       ||     2
       Constrict         |       |       |       |       |   134 |    82 ||   216
       Staff             |       |       |       |       |     2 |     1 ||     3
       Lajatang          |       |       |       |       |       |   144 ||   144
 Cast: Magic Dart        |    66 |    22 |    98 |    61 |    73 |    36 ||   356
       Mephitic Cloud    |       |     5 |    16 |    63 |    92 |    18 ||   194
       Blink             |       |     3 |     1 |     3 |    19 |    11 ||    37
       Iskenderun's Myst |       |       |       |    13 |     8 |       ||    21
       Teleport Other    |       |       |       |     2 |     4 |       ||     6
       Vampiric Draining |       |       |       |     4 |    90 |   131 ||   225
       Animate Dead      |       |       |       |     1 |     6 |       ||     7
       Freezing Cloud    |       |       |       |       |    34 |    72 ||   106
       Dispel Undead     |       |       |       |       |     7 |    24 ||    31
       Apportation       |       |       |       |       |     1 |     4 ||     5
       Lesser Beckoning  |       |       |       |       |       |    38 ||    38
Invok: Unearth Wretches  |       |       |       |     1 |     2 |       ||     3
       Receive Forbidden |       |       |       |       |     1 |       ||     1
 Abil: Spit Poison       |    31 |    22 |    44 |    81 |   169 |    88 ||   435
Evoke: Wand              |       |       |     2 |     3 |     9 |     7 ||    21
  Use: Potion            |       |     1 |       |     4 |     8 |    15 ||    28
       Scroll            |       |       |     5 |     6 |    15 |    12 ||    38
 Stab: Invisible         |       |     1 |       |     1 |     7 |       ||     9
       Confused          |       |       |    10 |    80 |    72 |    14 ||   176
       Sleeping          |       |       |     6 |     3 |    20 |     4 ||    33
       Distracted        |       |       |       |     1 |     3 |     4 ||     8
       Paralysed         |       |       |       |       |     4 |       ||     4
Armor: Robe              |     3 |     1 |    27 |    44 |   125 |   154 ||   354
       Skin              |       |       |       |       |    40 |    31 ||    71
Dodge: Dodged            |    11 |     8 |    42 |    46 |   121 |   185 ||   413
Block: Buckler           |       |       |       |    50 |   204 |    69 ||   323
       Reflection        |       |       |       |     3 |    15 |     6 ||    24
